 Dungeon Crawl Stone Soup version 0.19.5 (webtiles) character file.

435 McKennaii the Slasher (level 6, -2/79 HPs)
             Began as a Draconian Berserker on Apr 29, 2017.
             Was a Priest of Trog.
             Slain by Pikel
             ... wielding a +0 whip of electrocution
              (4 damage)
             ... on level 4 of the Dungeon.
             The game lasted 00:04:15 (3068 turns).

McKennaii the Slasher (Draconian Berserker)         Turns: 3068, Time: 00:04:15

Health: -2/79      AC:  7    Str: 25    XL:     6   Next: 68%
Magic:  6/6        EV: 14    Int:  7    God:    Trog [***...]
Gold:   174        SH:  0    Dex: 12    Spells: 0 memorised, 5 levels left

rFire  . . .     SeeInvis .     a - +0 falchion
rCold  . . .     Gourm    .     (armour unavailable)
rNeg   . . .     Faith    .     (no shield)
rPois  .         Spirit   .     (helmet restricted)
rElec  .         Reflect  .     (no cloak)
rCorr  .         Harm     .     (no gloves)
MR     .....                    p - +0 pair of boots
Stlth  ..........               (no amulet)
                                (no ring)
                                (no ring)

@: berserking, very quick
A: unfitting armour, cold-blooded, AC +6
a: Berserk, Trog's Hand, Burn Spellbooks, Renounce Religion


You were on level 4 of the Dungeon.
You worshipped Trog.
Trog was most pleased with you.
You were very hungry.

You visited 1 branch of the dungeon, and saw 4 of its levels.

You collected 174 gold pieces.

Inventory:

Hand Weapons
 a - a +0 falchion (weapon)
Armour
 p - a +0 pair of boots (worn)
Scrolls
 f - 3 scrolls of teleportation {unknown}
 g - 6 scrolls of identify {unknown}
 h - a scroll of fear {unknown}
 i - a scroll of magic mapping {unknown}
 j - a scroll of enchant armour {unknown}
 m - 2 scrolls of recharging {unknown}
 n - a scroll of remove curse {unknown}
 o - a scroll of random uselessness {unknown}
Potions
 d - a potion of lignification {unknown}
 e - 2 potions of flight {unknown}
 k - a potion of heal wounds {unknown}
 l - a potion of might {unknown}
 q - a potion of agility {unknown}
 r - a potion of ambrosia {unknown}
 s - a potion of mutation {unknown}
 u - 2 potions of cancellation {unknown}
Comestibles
 b - 2 bread rations
 c - 3 meat rations
 t - a beef jerky
 v - a chunk of flesh


   Skills:
 + Level 4.6 Fighting
 + Level 5.6 Long Blades
 + Level 4.4 Dodging
 + Level 0.8 Stealth


You had 5 spell levels left.
You didn't know any spells.

Dungeon Overview and Level Annotations

Branches:
Dungeon (4/15)
 Temple: D:4-7

Altars:
Dithmenos
Uskayaw

Annotations:
D:4 Pikel


Innate Abilities, Weirdness & Mutations

Your plain brown scales are hard. (AC +6)
You cannot fit into any form of body armour.
You are cold-blooded and may be slowed by cold attacks.


Message History

Pikel is moderately wounded.
You barely miss Pikel.
Pikel is moderately wounded.
Pikel hits you but does no damage.
You are electrocuted!
* * * LOW HITPOINT WARNING * * *
You barely miss Pikel.
Pikel is moderately wounded.
Pikel hits you with a whip of electrocution!
* * * LOW HITPOINT WARNING * * *
You are electrocuted!
* * * LOW HITPOINT WARNING * * *
You slash Pikel!
Pikel is severely wounded.
Pikel closely misses you.
You miss Pikel.
Your tail-slap misses Pikel.
Pikel is severely wounded.
You slash Pikel!
Pikel is almost dead.
Pikel hits you with a whip of electrocution.
You die...

####### ......# #.###.#
....#.# #.#.#.#
#.....################.#
###.#...........@Kpppp#
###.##################.#
#.....#
#...รท.##########
#..............#
#.....########.# #.....#
#.# ####### ######.#####
#...........#


You could see Pikel and 4 slaves.

Vanquished Creatures
  The ghost of McKennaii the Skirmisher, an amateur DsAK of Lugonu (D:3)
  An orc wizard (D:3)
  4 worker ants (D:4)
  A hound skeleton (D:4)
  7 adders
  A shadow imp (D:3)
  An ooze (D:1)
  4 worms
  A dart slug (D:1)
  2 leopard geckos
  4 orcs
  4 ball pythons
  7 giant cockroaches
  9 hobgoblins
  4 jackals (D:4)
  4 kobolds
  3 quokkas
  7 bats
  4 frilled lizards
  7 goblins
  A quokka skeleton (D:4)
  2 rats (D:3)
79 creatures vanquished.

Notes
Turn   | Place    | Note
-------+----------+-------------------------------------------
     0 | D:1      | McKennaii the Draconian Berserker began the quest for the Orb.
     0 | D:1      | Reached XP level 1. HP: 19/19 MP: 1/1
    67 | D:1      | Reached XP level 2. HP: 5/26 MP: 2/2
   952 | D:1      | Reached XP level 3. HP: 27/31 MP: 3/3
  1485 | D:2      | Found a faded altar of an unknown god.
  1583 | D:2      | Reached ** piety under Trog
  1719 | D:3      | Noticed McKennaii's ghost (amateur DsAK)
  1735 | D:3      | Killed McKennaii's ghost
  1735 | D:3      | Reached skill level 4 in Long Blades
  1735 | D:3      | Reached XP level 4. HP: 40/40 MP: 4/4
  1735 | D:3      | Reached XP level 5. HP: 46/46 MP: 5/5
  1794 | D:3      | Found a hide-covered altar of Uskayaw.
  1794 | D:3      | Noticed a dagger
  1794 | D:3      | Noticed a dagger
  2169 | D:3      | Reached skill level 5 in Long Blades
  2344 | D:3      | Reached XP level 6. HP: 45/52 MP: 6/6
  2557 | D:4      | Reached *** piety under Trog
  2658 | D:4      | Found a shadowy altar of Dithmenos.
  3049 | D:4      | Noticed a slave
  3050 | D:4      | Noticed a slave
  3052 | D:4      | Noticed Pikel
  3053 | D:4      | Noticed a slave
  3053 | D:4      | Noticed a slave
  3065 | D:4      | HP: 2/79 [Pikel/whip of electrocution (12)]
  3068 | D:4      | Slain by Pikel

Skill      XL: |  1  2  3  4  5 |
---------------+----------------+-----
Dodging        | 3 4 |  4.4
Fighting       | 4 |  4.6
Long Blades    | 4 5 |  5.6
Stealth        | |  0.8

Action                   |  1- 3 |  4- 6 || total
-------------------------+-------+-------++-------
Melee: Falchion          |   121 |   157 ||   278
       Tailslap          |    20 |    23 ||    43
Invok: Berserk           |     1 |     1 ||     2
 Stab: Sleeping          |       |     1 ||     1
  Eat: Chunk             |     3 |     5 ||     8
Armor: Skin              |    39 |    41 ||    80
Dodge: Dodged            |    92 |   128 ||   220
       Rpst.: Falchion   |    35 |    50 ||    85
